 Dungeon Crawl Stone Soup version 0.29.1-15-g9cfb28693d (webtiles) character file.

Game seed: 10300246228788157085

231 protoss039 the Sneak (level 6, -4/30 HPs)
             Began as a Vine Stalker Enchanter on Mar 26, 2023.
             Killed from afar by an orc wizard (9 damage)
             ... with a magic dart
             ... on level 3 of the Dungeon.
             The game lasted 00:06:17 (2318 turns).

protoss039 the Sneak (Vine Stalker Enchanter)       Turns: 2318, Time: 00:06:18

Health: -4/30      AC:  3    Str: 10    XL:     6   Next: 4%
Magic:  0/11       EV: 13    Int: 15    God:
Gold:   65         SH:  0    Dex: 17    Spells: 2/10 levels left

rFire   . . .      SeeInvis .   f - +0 short sword (freeze)
rCold   . . .      Faith    .   (no shield)
rNeg    . . .      Spirit   +   b - +0 robe
rPois   .          Reflect  .   (no helmet)
rElec   .          Harm     .   d - +0 cloak
rCorr   .          Rampage  .   (no gloves)
Will    .....                   (no boots)
Stlth   +++.......              (no amulet)
HPRegen 0.90/turn               (no ring)
MPRegen 0.12/turn               (no ring)

@: no status effects
A: fangs 2, regeneration 1, magic shield, antimagic bite, no potion heal 2
a: no special abilities


You were on level 3 of the Dungeon.
You visited 1 branch of the dungeon, and saw 3 of its levels.

You collected 65 gold pieces.

Inventory:

Hand Weapons
 a - a +1 dagger
 f - a +0 short sword of freezing (weapon)
Missiles
 i - 4 poisoned darts (quivered)
Armour
 b - a +0 robe (worn)
 d - a +0 cloak (worn)
 g - a +0 ring mail
Wands
 n - a wand of mindburst (11)
Scrolls
 e - 2 scrolls of teleportation {unknown}
 h - 2 scrolls of fear {unknown}
 k - a scroll of torment {unknown}
 o - a scroll of poison {unknown}
Potions
 c - a potion of invisibility
 j - 2 potions of mutation {unknown}
 l - a potion of flight {unknown}
 m - 2 potions of lignification {unknown}


   Skills:
 * Level 2.1 Fighting
 + Level 1.7 Short Blades
 * Level 2.6 Dodging
 * Level 4.9 Stealth
 + Level 2.8 Spellcasting
 + Level 3.5 Hexes
 + Level 1.2 Ice Magic


You had 2 spell levels left.
You knew the following spells:

 Your Spells              Type           Power      Damage    Failure   Level
a - Ensorcelled Hibernat  Hex/Ice        18%        N/A       12%         2
b - Confusing Touch       Hex            12%        N/A       14%         3
c - Tukima's Dance        Hex            12%        N/A       14%         3

Your spell library contained the following spells:

 Spells                   Type           Power      Damage    Failure   Level
 Shock                    Conj/Air       8%         1d3       21%         1
 Dazzling Flash           Conj/Hex       14%        N/A       30%         3
 Gell's Gravitas          Tloc           2%         N/A       52%         3
 Lesser Beckoning         Tloc           2%         N/A       52%         3
 Swiftness                Air            2%         N/A       52%         3
 Teleport Other           Tloc           2%         N/A       52%         3
 Airstrike                Air            1%         2d(1-17)  90%         4
 Silence                  Hex/Air        3%         N/A       95%         5
 Agony                    Necr           2%         N/A       99%         5


Dungeon Overview and Level Annotations

Branches:
Dungeon (3/15) Zot: 15677

Altars:


Innate Abilities, Weirdness & Mutations

You have extremely sharp teeth.
Your natural rate of healing is unusually fast.
When hurt, damage is shared between your health and your magic reserves.
Your bite disrupts and absorbs the magic of your enemies.
Potions cannot restore your health.


Message History

The orc closely misses you. The orc hits you with a +0 dagger.
Unknown command.
Casting: Ensorcelled Hibernation (safe; 12% risk of failure)
Confirm with . or Enter, or press ? or * to list all spells.
Aiming: Ensorcelled Hibernation (safe; 12% risk of failure)
Press: ? - help, Shift-Dir - straight line, f/p - orc
Aim: an orc, wielding a +0 dagger and wearing a +0 leather armour (lightly wounded, chance to affect: 61%)
The orc looks drowsy...
The orc closely misses you. The orc wizard barely misses you.
The orc hits you but does no damage.
Unknown command.
The helpless orc fails to defend itself.
You puncture the orc! You freeze the orc.
You kill the orc!
The orc wizard's magic is no longer disrupted.
The orc closely misses you. The orc wizard misses you.
The orc hits you with a +0 dagger.
Unknown command.
You hit the orc wizard. You freeze the orc wizard.
The orc wizard is moderately wounded.
The orc hits you with a +0 mace. The orc wizard barely misses you.
The orc hits you but does no damage.
You hit the orc wizard but do no damage.
The orc wizard is moderately wounded.
The orc closely misses you.
The orc wizard hits you with a +0 dagger.
The orc closely misses you.
You barely miss the orc wizard. You punch the orc wizard.
Your bite misses the orc wizard.
The orc wizard is heavily wounded.
The orc hits you with a +0 mace.
* * * LOW HITPOINT WARNING * * *
The orc wizard completely misses you. The orc hits you with a +0 dagger.
* * * LOW HITPOINT WARNING * * *
Unknown command.
Okay, then.
The orc wizard attacks as you move away!
The orc wizard closely misses you. The orc misses you.
The orc wizard gestures at you while chanting.
The magic dart hits you!
You die...

##########
#........#
#.######.# #.#
.. #.# #.# .#
#.# #.##)#.#.#
#.@.o..#.#
#....oo..#.#
#.#.#
#.#......#.#
#.#.#
#.#......#.#
#.#.# #
########.#.#.#.#
#.#.#.#.###
#.#.......
#.###.#.####
#.#.<[)[..<.


You could see an orc wizard and 2 orcs.

Vanquished Creatures
  2 orc priests (D:3)
  An orc wizard (D:3)
  Terence (D:2)
  8 adders
  5 dart slugs
  6 orcs
  4 bats
  An endoplasm (D:1)
  A giant cockroach (D:2)
  3 hobgoblins
  4 jackals (D:1)
  3 kobolds
  6 ball pythons
  2 frilled lizards (D:2)
  2 goblins
  A rat (D:2)
50 creatures vanquished.

Vanquished Creatures (others)
  4 demonic plants (D:2)
  2 fungi (D:2)
  4 withered plants (D:2)
10 creatures vanquished.

Grand Total: 60 creatures vanquished

Notes
Turn   | Place    | Note
-------+----------+-------------------------------------------
     0 | D:1      | protoss039 the Vine Stalker Enchanter began the quest for
                  | the Orb.
     0 | D:1      | Reached XP level 1. HP: 9/9 MP: 4/4
   279 | D:1      | Reached skill level 1 in Short Blades
   293 | D:1      | Reached XP level 2. HP: 7/14 MP: 4/6
   296 | D:1      | Learned a level 2 spell: Ensorcelled Hibernation
  1110 | D:1      | Reached skill level 4 in Stealth
  1302 | D:2      | Reached XP level 3. HP: 17/17 MP: 7/7
  1306 | D:2      | Learned a level 3 spell: Confusing Touch
  1375 | D:2      | Reached skill level 1 in Fighting
  1624 | D:2      | Gained mutation: Your natural rate of healing is unusually
                  | fast. [Vine Stalker growth]
  1624 | D:2      | Reached XP level 4. HP: 8/22 MP: 0/8
  1761 | D:2      | Found a faded altar of an unknown god.
  1797 | D:2      | Noticed Terence
  1811 | D:2      | Killed Terence
  2072 | D:2      | Reached XP level 5. HP: 25/25 MP: 9/9
  2125 | D:2      | Learned a level 3 spell: Tukima's Dance
  2133 | D:3      | Reached skill level 1 in Ice Magic
  2199 | D:3      | Reached XP level 6. HP: 10/30 MP: 1/11
  2318 | D:3      | Killed from afar by an orc wizard

Illustrated notes

Levels and vault maps discovered:
D:1:      minmay_arrival_cross, layout_basic
D:2:      layout_basic, shapermc_ecumenical_altar_gd, uniq_terence
D:3:      minmay_general_purpose_star, layout_basic,
          gammafunk_temple_overflow_pools, chequers_serial_rivers_micro_d,
          grunt_decor_cap

Skill      XL: |  1  2  3  4  5 |
---------------+----------------+-----
Short Blades   | 1 |  1.7
Stealth        | 4 |  4.9
Dodging        | 2 |  2.6
Fighting       | 1 2 |  2.1
Ice Magic      | 1 |  1.2
Spellcasting   | |  2.8
Hexes          | |  3.5

Action                   |  1- 3 |  4- 6 || total
-------------------------+-------+-------++-------
Melee: Dagger            |    22 |       ||    22
       Bite              |     9 |    17 ||    26
       Short sword       |    48 |    60 ||   108
       Punch             |     1 |     1 ||     2
 Cast: Ensorcelled Hiber |    14 |    17 ||    31
       Confusing Touch   |       |     1 ||     1
  Use: Potion            |       |     1 ||     1
 Stab: Sleeping          |    12 |    15 ||    27
Armor: Robe              |    22 |    17 ||    39
Dodge: Dodged            |    41 |    58 ||    99
